 Dungeon Crawl Stone Soup version 0.29-a0-542-g075992c915 (webtiles) character file.

Game seed: 17892053716128266984

200 Spectrina the Covert (level 5, -8/31 HPs)
             Began as a Vampire Delver on June 4, 2022.
             Was an Initiate of Yredelemnul.
             Killed by divine providence
             ... invoked by an orc priest
              (10 damage)
             ... on level 5 of the Dungeon.
             The game lasted 00:09:11 (799 turns).

Spectrina the Covert (Vampire Delver)                Turns: 799, Time: 00:09:12

Health: -8/31      AC:  3    Str: 11    XL:     5   Next: 49%
Magic:  6/6        EV: 12    Int: 12    God:    Yredelemnul [......]
Gold:   36         SH:  0    Dex: 18    Spells: 4/4 levels left

rFire   . . .      SeeInvis +   a - +0 short sword
rCold   + + .      Faith    .   (no shield)
rNeg    + + +      Spirit   .   b - +0 leather armour
rPois   ∞          Reflect  .   (no helmet)
rElec   .          Harm     .   (no cloak)
rCorr   .          Rampage  .   (no gloves)
Will    .....                   (no boots)
Stlth   ++++++....              (no amulet)
HPRegen 0.00/turn               (no ring)
MPRegen 0.10/turn               (no ring)

@: bloodless, inhibited regen
A: bloodless, fangs 3, see invisible, vampiric 2
a: Bat Form, Revivify, Renounce Religion, Recall Undead Harvest


You were on level 5 of the Dungeon.
You worshipped Yredelemnul.
Yredelemnul was noncommittal.
You visited 2 branches of the dungeon, and saw 2 of its levels.
You also visited: Sewer.

You collected 36 gold pieces.

Inventory:

Hand Weapons
 a - a +0 short sword (weapon)
Missiles
 j - 3 boomerangs (quivered)
Armour
 b - a +0 leather armour (worn)
Magical Staves
 k - a staff of earth
Wands
 g - a wand of digging (3)
Scrolls
 c - a scroll of fog
 d - a scroll of magic mapping
 e - a scroll of fear
 h - a scroll of enchant weapon {unknown}
 i - 2 scrolls of teleportation {unknown}
Potions
 f - a potion of haste
 l - a potion of curing {unknown}


   Skills:
 - Level 2.6 Fighting
 + Level 4.1 Short Blades
 - Level 2.1 Dodging
 + Level 8.9 Stealth
 + Level 2.4 Invocations


You had 4 spell levels left.
You didn't know any spells.
Your spell library was empty.

Dungeon Overview and Level Annotations

Branches:
Dungeon (5/15)             Temple (1/1) D:5           Sewer (visited)

Altars:
Ashenzari
Cheibriados
Dithmenos
Elyvilon
Fedhas
Gozag
Hepliaklqana
Kikubaaqudgha
Okawaru
Qazlal
Ru
Sif Muna
Trog
Uskayaw
Xom
Yredelemnul
Zin


Innate Abilities, Weirdness & Mutations

You do not regenerate when monsters are visible.
You are frail without blood (-20% HP).
You can heal yourself when you bite living creatures.
You are immune to poison.
You have razor-sharp teeth.
You have supernaturally acute eyesight. (SInv)
You are afflicted with vampirism and can become a bat while bloodless.


Message History

The orc warrior shouts!
The orc priest shouts!
The orc wizard shouts!
The adder hisses angrily.
Unknown command.
The orc wizard shouts!
The orc wizard gestures at you while chanting.
The puff of flame misses you.
The orc wizard points at you and mumbles some strange words.
You are confused.
The orc wizard gestures at you while chanting.
You are more confused.
You bump into the rock wall.
You bump into the rock wall.
You're too confused to move!
The orc priest looks satisfied for a moment.
The orc wizard casts a spell at you. You resist with some effort.
The orc warrior closely misses you. The orc wizard casts a spell at you.
You resist with some effort.
You bump into the rock wall.
The orc warrior completely misses you.
You bump into the rock wall.
The orc warrior hits you from afar with a +0 halberd!
You bump into the rock wall.
The orc warrior hits you from afar with a +0 halberd.
You bump into the rock wall.
You feel less confused. The orc wizard closely misses you.
The orc warrior barely misses you.
The orc wizard casts a spell.
The orc wizard flickers and vanishes for a moment.
The orc wizard hits you with a +0 dagger.
* * * LOW HITPOINT WARNING * * *
The orc priest attacks as you move away!
The orc priest hits you with a +0 mace!
* * * LOW HITPOINT WARNING * * *
The orc priest attacks as you move away!
The orc priest barely misses you.
There is a stone staircase leading down here.
The orc priest invokes the aid of Beogh against you.
Beogh smites you!
You die...
Yredelemnul claims you as an undead slave.

......+....# .
.###'##....# #....#
.#.........# #....#
.#.........# #....#
.#.........# #....#
.'.........# #....#
.#.......o.# #....#
##.........# #....#
...........##+#o@..#
..##'#####..o.o....#
..#..# #...o^....#
..#..# #.........#
..#..#####......<..#
###..##..#.........#
.######..##'###....#
..# #........#....#
..# #........#....#


You could see an orc warrior, an orc priest and 2 orc wizards.

Vanquished Creatures
  A howler monkey (D:5)
  4 adders
  An ufetubus (D:5)
  2 ball pythons (Sewer)
  5 endoplasms (Sewer)
  3 giant cockroaches (Sewer)
  3 quokkas (Sewer)
  3 frilled lizards (Sewer)
22 creatures vanquished.

Vanquished Creatures (collateral kills)
  A bullfrog (Sewer)
  2 adders (Sewer)
  2 endoplasms (Sewer)
  2 giant cockroaches (Sewer)
  5 quokkas (Sewer)
  A ball python (Sewer)
  2 frilled lizards (Sewer)
15 creatures vanquished.

Vanquished Creatures (others)
  3 adder zombies (Sewer)
  A ball python zombie (Sewer)
  3 endoplasm zombies (Sewer)
  2 frilled lizard zombies (Sewer)
9 creatures vanquished.

Grand Total: 46 creatures vanquished

Notes
Turn   | Place    | Note
-------+----------+-------------------------------------------
     0 | D:5      | Spectrina the Vampire Delver began the quest for the Orb.
     0 | D:5      | Reached XP level 1. HP: 17/17 MP: 1/1
    34 | D:5      | Noticed an orc wizard
    91 | D:5      | Found a staircase to the Ecumenical Temple.
   100 | Temple   | Entered the Ecumenical Temple
   218 | Temple   | Became a worshipper of Yredelemnul the Dark
   266 | D:5      | Noticed a black bear
   286 | D:5      | Found a glowing drain.
   293 | D:5      | Reached XP level 2. HP: 18/18 MP: 2/2
   297 | Sewer    | Entered a sewer
   374 | Sewer    | Reached * piety under Yredelemnul
   408 | Sewer    | Reached skill level 1 in Invocations
   408 | Sewer    | Gained mutation: You are afflicted with vampirism and can
                  | become a bat while bloodless. [Vampire growth]
   408 | Sewer    | Reached XP level 3. HP: 7/22 MP: 3/3
   435 | Sewer    | Reached skill level 8 in Stealth
   468 | Sewer    | Reached XP level 4. HP: 7/27 MP: 5/5
   532 | Sewer    | Reached ** piety under Yredelemnul
   580 | Sewer    | Noticed a bullfrog
   592 | Sewer    | Killed a bullfrog
   593 | Sewer    | Reached XP level 5. HP: 7/31 MP: 2/6
   735 | D:5      | Noticed an ogre
   773 | D:5      | Noticed an orc warrior
   799 | D:5      | Killed from afar by an orc priest

Illustrated notes

Levels and vault maps discovered:
D:5:      layout_gridville, minmay_temple_entry_wispy, portal_sewer_entry_d,
          kennysheep_nondescript
Temple:   mainiacjoe_temple_archimedes_tessellation

Skill      XL: |  1  2  3  4  5 |
---------------+----------------+-----
Short Blades   | 3 4 |  4.1
Invocations    | 1 2 |  2.4
Stealth        | 8 |  8.9
Fighting       | |  2.6
Dodging        | |  2.1

Action                   |  1- 3 |  4- 6 || total
-------------------------+-------+-------++-------
Melee: Short sword       |    48 |    19 ||    67
       Bite              |     2 |     2 ||     4
       Punch             |     1 |       ||     1
Invok: Dark Bargain      |       |     1 ||     1
 Abil: Exsanguinate      |     1 |       ||     1
  Use: Potion            |     1 |       ||     1
 Stab: Sleeping          |     6 |     1 ||     7
       Distracted        |     1 |       ||     1
Armor: Leather armour    |     7 |     4 ||    11
Dodge: Dodged            |    26 |    12 ||    38

Table legend: (Time is in decaauts)
 A = Elapsed time spent in this place.
 B = Non-inter-level travel time spent in this place.
 C = Inter-level travel time spent in this place.
 D = Time resting spent in this place.
 E = Time spent auto-exploring this place.
 F = Levels seen in this place.
 G = Mean time per level.
                   A        B        C        D        E       F      G
               +--------+--------+--------+--------+--------+-----+--------+
         Total |    858 |    846 |     12 |      0 |      0 |   3 |  286.0 |
       Dungeon |    343 |    343 |      0 |      0 |      0 |   1 |  343.0 |
        Temple |    151 |    139 |     12 |      0 |      0 |   1 |  151.0 |
         Sewer |    363 |    363 |      0 |      0 |      0 |   1 |  363.0 |
               +--------+--------+--------+--------+--------+-----+--------+

Top non-repeatable levels by time:
   Sewer: 363 daAuts
     D:5: 343 daAuts
  Temple: 151 daAuts
